 Dungeon Crawl Stone Soup version 0.29-a0-321-gf1c400731a (webtiles) character file.

Game seed: 2159616451412094044

329 GigaChad the Chopper (level 6, -6/53 HPs)
             Began as a Minotaur Fighter on Apr 4, 2022.
             Succumbed to an orc's poison
             ... on level 5 of the Dungeon.
             The game lasted 00:13:24 (3025 turns).

GigaChad the Chopper (Minotaur Fighter)             Turns: 3025, Time: 00:13:25

Health: -6/53      AC:  8    Str: 19 (20) XL:     6   Next: 25%
Magic:  0/5        EV:  9    Int:  5      God:
Gold:   261        SH:  5    Dex: 12      Spells: 5/5 levels left

rFire   . . .      SeeInvis .   a - +1 war axe (protect)
rCold   . . .      Faith    .   c - +0 buckler
rNeg    . . .      Spirit   +   b - +1 scale mail
rPois   .          Reflect  .   (helmet restricted)
rElec   .          Harm     .   (no cloak)
rCorr   .          Rampage  .   (no gloves)
Will    .....                   (no boots)
Stlth   ..........              r - amulet of guardian spirit
HPRegen 0.17/turn               (no ring)
MPRegen 0.09/turn               (no ring)

@: lethally poisoned (-6 -> -40)
A: horns 2, retaliatory headbutt, deterioration 1
a: no special abilities


You were on level 5 of the Dungeon.
You visited 1 branch of the dungeon, and saw 5 of its levels.

You collected 261 gold pieces.

Inventory:

Hand Weapons
 a - a +1 war axe of protection (weapon)
 o - a +0 vorpal trident
 s - a +1 short sword of holy wrath
Missiles
 q - 3 poisoned darts (quivered)
 t - 2 throwing nets
Armour
 b - a +1 scale mail (worn)
 c - a +0 buckler (worn)
 e - a +1 helmet
 l - a +3 ring mail
 n - a +2 pair of gloves
Jewellery
 r - an amulet of guardian spirit (around neck)
Wands
 f - a wand of paralysis (8)
 k - a wand of flame (14)
Scrolls
 i - 2 scrolls of noise
 m - a scroll of teleportation
 p - a scroll of fear
 u - a scroll of fog
 v - a scroll of immolation
 w - a scroll of vulnerability
Potions
 d - a potion of might
 g - 3 potions of curing
 h - a potion of degeneration
 j - a potion of attraction
 x - a potion of magic {unknown}


   Skills:
 + Level 4.3 Fighting
 + Level 6.0 Axes
 + Level 0.2 Throwing
 + Level 4.9 Armour
 + Level 0.8 Dodging
 + Level 4.6 Shields


You had 5 spell levels left.
You didn't know any spells.
Your spell library contained the following spells:

 Spells                   Type           Power      Damage    Failure   Level
 Slow                     Hex            0%         N/A       89%         1
 Confusing Touch          Hex            0%         N/A       99%         3
 Summon Guardian Golem    Hex/Summ       0%         N/A       99%         3
 Vampiric Draining        Necr           0%         2d6       99%         3
 Orb of Destruction       Conj           0%         9d5       100%        7
 Spellforged Servitor     Conj/Summ      0%         N/A       100%        7


Dungeon Overview and Level Annotations

Branches:
Dungeon (5/15)
 Temple: D:4-7

Altars:
Qazlal
Ru


Innate Abilities, Weirdness & Mutations

You have a pair of horns on your head.
You reflexively headbutt those who attack you in melee.
Your body sometimes deteriorates upon taking damage.


Message History

The orc priest hits you but does no damage.
The orc hits you but does no damage.
You are more poisoned.
You barely miss the orc priest.
The orc priest is heavily wounded.
You barely miss the orc.
You feel very sick.
The orc hits you with a +1 short sword of venom.
You are more poisoned.
The orc priest hits you but does no damage.
You feel very sick.
The orc priest casts a cantrip, but nothing happens.
The orc attacks as you move away! The orc hits you but does no damage.
You are lethally poisoned!
You feel very sick.
As you read the scroll of teleportation, it crumbles to dust.
You feel strangely unstable.
* * * LOW HITPOINT WARNING * * *
You feel very sick. The orc hits you but does no damage.
You are more poisoned.
* * * LOW HITPOINT WARNING * * *
Your body deteriorates!
You feel weakened.
You feel very sick. The orc closely misses you.
The orc attacks as you move away! The orc hits you but does no damage.
* * * LOW HITPOINT WARNING * * *
You feel very sick. The scorpion stings you.
You are more poisoned.
The scorpion poisons you! The scorpion completely misses you.
The orc attacks as you move away!
The orc hits you with a +1 short sword of venom.
You are more poisoned.
The orc priest attacks as you move away!
The orc priest barely misses you. You furiously retaliate!
You headbutt the orc priest!
You kill the orc priest!
Your surroundings suddenly seem different.
A howler monkey comes into view.
You die...

### ###..#
##.....
.......##
.......@#
........#
........h
..........
...........
...........#
...........#
#.........##


You could see a howler monkey (asleep).

Vanquished Creatures
  A necrophage (D:4)
  A hound (D:4)
  An orc priest (D:5)
  An iguana (D:4)
  Natasha (D:4)
  4 gnolls (D:5)
  7 adders
  A worm (D:3)
  2 dart slugs
  5 orcs
  10 ball pythons
  2 bats
  3 endoplasms
  2 giant cockroaches
  3 goblins
  9 hobgoblins
  10 jackals
  3 quokkas
  2 frilled lizards (D:1)
  9 kobolds
  7 rats
84 creatures vanquished.

Vanquished Creatures (others)
  3 fungi (D:2)
  3 plants (D:2)
6 creatures vanquished.

Grand Total: 90 creatures vanquished

Notes
Turn   | Place    | Note
-------+----------+-------------------------------------------
     0 | D:1      | GigaChad the Minotaur Fighter began the quest for the Orb.
     0 | D:1      | Reached XP level 1. HP: 19/19 MP: 0/0
   342 | D:1      | Reached XP level 2. HP: 27/27 MP: 1/1
  1168 | D:2      | Reached skill level 3 in Axes
  1168 | D:2      | Reached XP level 3. HP: 33/33 MP: 2/2
  1363 | D:2      | Found a sacrificial altar of Ru.
  1787 | D:2      | Found a faded altar of an unknown god.
  2046 | D:3      | Reached XP level 4. HP: 40/40 MP: 3/3
  2148 | D:3      | Reached skill level 4 in Axes
  2507 | D:4      | Found a stormy altar of Qazlal.
  2524 | D:4      | Reached XP level 5. HP: 46/46 MP: 4/4
  2571 | D:4      | Noticed Natasha
  2575 | D:4      | Reached skill level 5 in Axes
  2580 | D:4      | Killed Natasha
  2642 | D:4      | Gained mutation: Your body sometimes deteriorates upon
                  | taking damage. [potion of mutation]
  2674 | D:4      | Reached XP level 6. HP: 51/52 MP: 5/5
  2894 | D:5      | Entered Level 5 of the Dungeon
  2973 | D:5      | Reached skill level 6 in Axes
  3024 | D:5      | HP: 1/53 [poisoned by an orc]
  3025 | D:5      | Succumbed to an orc's poison

Illustrated notes

Levels and vault maps discovered:
D:1:      dpeg_arrival_windows_large_door, layout_basic
D:2:      layout_loops_cross, shapermc_ecumenical_altar_mp_ritualfount,
          basic_altar
D:3:      minmay_recursive_quarters, layout_basic, uniq_jessica
D:4:      layout_cave_pools, grunt_qazlal_sundering, uniq_natasha
D:5:      layout_cave_pods, serial_shops, shop

Skill      XL: |  1  2  3  4  5  6 |
---------------+-------------------+-----
Shields        | 4 |  4.6
Armour         | 4 |  4.9
Axes           | 3 4 5 6 |  6.0
Fighting       | 4 |  4.3
Throwing       | |  0.2
Dodging        | |  0.8

Action                   |  1- 3 |  4- 6 || total
-------------------------+-------+-------++-------
Melee: War axe           |    93 |    82 ||   175
       Headbutt          |     7 |    13 ||    20
Throw: Dart              |       |     3 ||     3
  Use: Scroll            |    12 |     4 ||    16
       Potion            |       |     2 ||     2
Armor: Scale mail        |    57 |    65 ||   122
Dodge: Dodged            |    60 |    50 ||   110
Block: Buckler           |    23 |    28 ||    51

Table legend: (Time is in decaauts)
 A = Elapsed time spent in this place.
 B = Non-inter-level travel time spent in this place.
 C = Inter-level travel time spent in this place.
 D = Time resting spent in this place.
 E = Time spent auto-exploring this place.
 F = Levels seen in this place.
 G = Mean time per level.
                   A        B        C        D        E       F      G
               +--------+--------+--------+--------+--------+-----+--------+
         Total |   3085 |   3083 |      2 |      0 |   1490 |   5 |  617.0 |
       Dungeon |   3085 |   3083 |      2 |      0 |   1490 |   5 |  617.0 |
               +--------+--------+--------+--------+--------+-----+--------+

Top non-repeatable levels by time:
     D:1: 1180 daAuts
     D:2: 892 daAuts
     D:4: 466 daAuts
     D:3: 410 daAuts
     D:5: 134 daAuts
